 Dungeon Crawl Stone Soup version 0.27-a0-965-gbf8bb431c4 (webtiles) character file.

Game seed: 4011087096736540844

287 robertstho the Magician (level 6, 0/41 HPs)
             Began as a Djinni Fire Elementalist on Apr 12, 2021.
             Slain by an adder (2 damage)
             ... on level 3 of the Dungeon.
             The game lasted 00:05:22 (3363 turns).

robertstho the Magician (Djinni Fire Elementalist)  Turns: 3363, Time: 00:05:23

Health: 0/41       AC:  4    Str:  7    XL:     6   Next: 30%
Gold:   43         EV: 13    Int: 18    God:
                   SH:  0    Dex: 14

rFire    + + .     SeeInvis .   g - +2 spear (freeze)
rCold    x . .     Faith    .   (no shield)
rNeg     . . .     Spirit   .   a - +1 robe
rPois    ∞         Reflect  .   d - +0 helmet
rElec    .         Harm     .   (no cloak)
rCorr    .         Rampage  .   (no gloves)
Will     .....                  (boots unavailable)
Stlth    ++........             (no amulet)
HPRegen  0.13/turn              (no ring)
MPRegen  0.00/turn              (no ring)

@: flying
A: fire resistance 2, cold vulnerability 1, float, innate caster, hp casting,
extra vitality 1
a: no special abilities


You were on level 3 of the Dungeon.
You visited 1 branch of the dungeon, and saw 4 of its levels.

You collected 113 gold pieces.
You spent 70 gold pieces at shops.

Inventory:

Hand Weapons
 g - a +2 spear of freezing (weapon)
Armour
 a - a +1 robe (worn)
 d - a +0 helmet (worn)
Jewellery
 f - a ring of wizardry
Wands
 c - a wand of flame (9)
Scrolls
 b - a scroll of enchant armour
 e - a scroll of identify
Potions
 i - a potion of haste {unknown}


   Skills:
 + Level 0.3 Fighting
 + Level 0.3 Polearms
 + Level 3.0 Dodging
 + Level 2.6 Stealth
 + Level 5.0 Spellcasting
 + Level 0.1 Evocations


You couldn't memorise any spells.
You knew the following spells:

 Your Spells              Type           Power      Damage    Failure   Level
a - Foxfire               Conj/Fire      88%        2x1d8     1%          1
b - Conjure Flame         Conj/Fire      22%        6-21      4%          3
c - Inner Flame           Hex/Fire       22%        N/A       4%          3
d - Sticky Flame          Conj/Fire      22%        2d4       16%         4
e - Fireball              Conj/Fire      11%        3d7       41%         5
f - Summon Small Mammal   Summ           88%        N/A       1%          1
g - Swiftness             Air            22%        N/A       2%          2
Your spell library was empty.

Dungeon Overview and Level Annotations

Branches:
Dungeon (4/15)
 Temple: D:4-7

Altars:
Qazlal

Shops:
D:2 !


Innate Abilities, Weirdness & Mutations

You are immune to poison.
Your flesh is very heat resistant. (rF++)
You are vulnerable to cold. (rC-)
You float through the air rather than walking.
You learn spells naturally, not from books.
Your magical power is your life essence.
You have superior vitality. (+4 HP)


Message History

There is a stone staircase leading down here.
Casting: Foxfire (safe; 1% risk of failure)
Confirm with . or Enter, or press ? or * to list all spells.
The spell is quite dangerous to cast (17% risk of failure)!
Continue anyway?
Aiming: Sticky Flame (quite dangerous; 17% risk of failure)
Press: ? - help, Shift-Dir - straight line, f - iguana
Aim: an iguana (heavily wounded, 0% to evade)
The sticky flame hits the iguana.
The iguana is heavily wounded.
The iguana is covered in liquid flames!
The iguana burns!
The iguana bites you!
* * * LOW HITPOINT WARNING * * *
The adder bites you but does no damage.
You barely miss the iguana.
The iguana is almost dead.
The iguana burns!
You kill the iguana!
The adder bites you.
* * * LOW HITPOINT WARNING * * *
Your Dodging skill increases to level 3!
The adder barely misses you.
Things that are here:
10 bolts; an iguana corpse
Casting: Sticky Flame (quite dangerous; 16% risk of failure)
Confirm with . or Enter, or press ? or * to list all spells.
You conjure some foxfire!
* * * LOW HITPOINT WARNING * * *
The adder misses you. The adder bites you but does no damage.
The foxfire hits the adder but does no damage.
The adder is moderately wounded.
The foxfire hits the adder.
The adder is heavily wounded.
The adder bites you.
* * * LOW HITPOINT WARNING * * *
Unknown command.
Casting: Foxfire (safe; 1% risk of failure)
Confirm with . or Enter, or press ? or * to list all spells.
You conjure some foxfire!
* * * LOW HITPOINT WARNING * * *
The adder bites you.
You die...

..########## ###
...........# ##.##
...##......####...##
..........#........#
...##......####...##
...##......# ##.##
#..####.##.#####.# #..#
#.........vv####### #..#
#.........§@S.(>..#
#..###..##.###########.#
#..#.[.....# #.#
#..........# #.#
##.#.......# #.#
##.........# #.#
####.......# #.# #
#.......# #.# #
#.......# #.#


You could see an adder (ally target).

Vanquished Creatures
  A sky beast (D:3)
  Natasha (twice) (D:2)
  An iguana (D:3)
  Robin (D:3)
  4 adders
  2 worms
  A dart slug (D:2)
  2 orcs (D:3)
  3 bats
  6 endoplasms
  3 giant cockroaches (D:2)
  10 goblins (D:3)
  9 hobgoblins
  2 jackals (D:1)
  A kobold (D:2)
  3 quokkas
  5 ball pythons
  5 frilled lizards
  4 rats (D:1)
65 creatures vanquished.

Vanquished Creatures (others)
  222 foxfires
222 creatures vanquished.

Grand Total: 287 creatures vanquished

Notes
Turn   | Place    | Note
-------+----------+-------------------------------------------
     0 | D:1      | robertstho the Djinni Fire Elementalist began the quest for
                  | the Orb.
     0 | D:1      | Reached XP level 1. HP: 15/15 MP: 0/0
   259 | D:1      | Reached skill level 3 in Spellcasting
   259 | D:1      | Reached XP level 2. HP: 18/21 MP: 0/0
   941 | D:2      | Found a faded altar of an unknown god.
   964 | D:2      | Reached XP level 3. HP: 18/25 MP: 0/0
   964 | D:2      | Learned a level 1 spell: Summon Small Mammal
  1368 | D:2      | Noticed Natasha
  1374 | D:2      | Killed Natasha
  1375 | D:2      | Reached XP level 4. HP: 16/31 MP: 0/0
  1379 | D:2      | Noticed Natasha
  1385 | D:2      | Killed Natasha
  1386 | D:2      | Reached skill level 4 in Spellcasting
  1641 | D:2      | Found Leystrul's Distillery.
  1733 | D:2      | Bought 2 potions of degeneration for 28 gold pieces
  1733 | D:2      | Bought a potion of curing for 42 gold pieces
  1907 | D:3      | Reached XP level 5. HP: 29/35 MP: 0/0
  1907 | D:3      | Learned a level 2 spell: Swiftness
  2250 | D:3      | Noticed Robin
  2291 | D:3      | Killed Robin
  2481 | D:3      | Noticed a sky beast
  2497 | D:3      | Killed a sky beast
  2498 | D:3      | Reached XP level 6. HP: 5/40 MP: 0/0
  3135 | D:3      | Reached skill level 5 in Spellcasting
  3343 | D:4      | Found a stormy altar of Qazlal.
  3363 | D:3      | Slain by an adder

Illustrated notes

Levels and vault maps discovered:
D:1:      minmay_arrival_solitary_statue, layout_basic
D:2:      layout_rooms, serial_shops, shop,
          ebering_ecumenical_altar_sacrificial, uniq_natasha
D:3:      layout_loops_ring, gup_sewer_entry_bowl, feat_on_display, uniq_robin
D:4:      layout_cave_pools, grunt_qazlal_clouds

Skill      XL: |  1  2  3  4  5  6 |
---------------+-------------------+-----
Spellcasting   | 3 4 5 |  5.0
Stealth        | 2 |  2.6
Dodging        | 3 |  3.0
Fighting       | |  0.3
Polearms       | |  0.3
Evocations     | |  0.1

Action                   |  1- 3 |  4- 6 || total
-------------------------+-------+-------++-------
Melee: Spear             |     2 |     5 ||     7
 Cast: Foxfire           |    64 |    67 ||   131
       Sticky Flame      |       |     2 ||     2
Evoke: Wand              |       |     2 ||     2
  Use: Scroll            |     1 |     4 ||     5
       Potion            |       |     2 ||     2
 Stab: Sleeping          |       |     1 ||     1
Armor: Robe              |     5 |    16 ||    21
Dodge: Dodged            |    14 |    47 ||    61

Table legend: (Time is in decaauts)
 A = Elapsed time spent in this place.
 B = Non-inter-level travel time spent in this place.
 C = Inter-level travel time spent in this place.
 D = Time resting spent in this place.
 E = Time spent auto-exploring this place.
 F = Levels seen in this place.
 G = Mean time per level.
                   A        B        C        D        E       F      G
               +--------+--------+--------+--------+--------+-----+--------+
         Total |   3363 |   3258 |    105 |    249 |   2467 |   4 |  840.8 |
       Dungeon |   3363 |   3258 |    105 |    249 |   2467 |   4 |  840.8 |
               +--------+--------+--------+--------+--------+-----+--------+

Top non-repeatable levels by time:
     D:3: 1475 daAuts
     D:1: 940 daAuts
     D:2: 931 daAuts
     D:4: 17 daAuts
